 Dungeon Crawl Stone Soup version 0.17.0-28-g6e173f8 (webtiles) character file.

1043 M4edhros the Covert (level 8, -3/50 HPs)
             Began as an Octopode Wanderer on Nov 26, 2015.
             Was a Believer of the Shining One.
             Slain by Prince Ribbit (20 damage)
             ... on level 5 of the Dungeon.
             The game lasted 00:04:39 (3936 turns).

M4edhros the Covert (Octopode Wanderer)             Turns: 3936, Time: 00:04:39

Health: -3/50      AC:  1    Str: 10    XL:     8   Next: 25%
Magic:  8/8        EV: 23    Int: 16    God:    the Shining One [**....]
Gold:   190        SH:  0    Dex: 18    Spells: 0 memorised, 7 levels left

rFire  . . .     SeeInvis .     o - +1 spear (flame)
rCold  . . .     Clarity  .     (no shield)
rNeg   + . .     SustAt   .     (helmet restricted)
rPois  .         Gourm    .     (no amulet)
rElec  .         Spirit   .     (no ring)
rCorr  .         Warding  .     (no ring)
rMut   .         Stasis   .     (no ring)
MR     .....                    (no ring)
Stlth  +++.......               (no ring)
                                (no ring)
                                (no ring)
                                (no ring)

@: agile, hasted, glowing, very quick, not resistant to hostile enchantments,
fairly stealthy
A: almost no armour, amphibious, 8 rings, constrict 8, camouflage 1, gelatinous
body 1
a: Divine Shield, Renounce Religion


You were on level 5 of the Dungeon.
You worshipped the Shining One.
The Shining One was pleased with you.
You were not hungry.

You visited 1 branch of the dungeon, and saw 5 of its levels.
You also visited: Sewer.

You collected 190 gold pieces.

Inventory:

Hand Weapons
 a - a +2 dagger
 c - a +0 quarterstaff
 o - a +1 spear of flaming (weapon)
Missiles
 g - 52 stones (quivered)
Scrolls
 f - 2 scrolls of random uselessness {unknown}
 i - 2 scrolls of recharging {unknown}
 j - 3 scrolls of remove curse {unknown}
 k - 4 scrolls of amnesia {unknown}
 l - a scroll of noise {unknown}
 m - a scroll of identify {unknown}
 p - a scroll of teleportation {unknown}
 t - 5 scrolls of fog {unknown}
 u - a scroll of immolation {unknown}
Potions
 d - a potion of flight
 h - 3 potions of curing
 n - 3 potions of heal wounds
Comestibles
 e - 2 bread rations
 r - a chunk of flesh
 s - a beef jerky
 v - a meat ration


   Skills:
 - Level 2.0 Fighting
 + Level 7.7 Dodging
 - Level 8.6 Stealth
 - Level 1.0 Unarmed Combat
   Level 1.0 Charms
   Level 2.0 Translocations


You had 7 spell levels left.
You didn't know any spells.

Dungeon Overview and Level Annotations

Branches:
Dungeon (5/15)
 Temple: D:4-7

Altars:
Cheibriados
Xom
The Shining One

Annotations:
D:5 Prince Ribbit


Innate Abilities, Weirdness & Mutations

You cannot wear most types of armour.
You are amphibious.
You can wear up to eight rings at the same time.
You can use your tentacles to constrict eight enemies at once.
Your skin changes colour to match your surroundings (Stealth).
Your rubbery body absorbs attacks (AC +1).


Message History

[Y]es or [N]o only, please.
Really attack the helpless Prince Ribbit?
This attack would place you under penance! [Y]es or [N]o only, please.
Really attack the helpless Prince Ribbit?
This attack would place you under penance! [Y]es or [N]o only, please.
Really attack the helpless Prince Ribbit?
This attack would place you under penance! [Y]es or [N]o only, please.
Really attack the helpless Prince Ribbit?
This attack would place you under penance!
Okay, then.
Really attack the helpless Prince Ribbit?
This attack would place you under penance!
Okay, then.
A gnoll comes into view. It is wielding a halberd.
Prince Ribbit croaks.
Prince Ribbit hits you!!
Prince Ribbit blinks!
Drink which item? (? for menu, Esc to quit)
You feel agile all of a sudden.
Drink which item? (? for menu, Esc to quit)
You feel yourself speed up. Prince Ribbit hits you!!
You die...

#. .# #. #.# #. ...
#.#####.# #.g.....#
#.....# #.....#
#.$.ยง.# #...@.#
##.F### #..# #..#
##### #..#......
#.#.###..#...#
...........# .##
###.####.#####.#####
#.................


You could see Prince Ribbit and a gnoll.

Vanquished Creatures
  Menkaure (D:4)
  The ghost of M4edhros the Sneak, an amateur OpWn of Okawaru (D:4)
  2 ogres (D:4)
  A centaur (D:5)
  3 big kobolds (Sewer)
  A scorpion (D:4)
  The ghost of 4thArraOfDagon the Chopper, a weakling MiBe of Trog (D:3)
  3 worker ants (D:4)
  An orc wizard (D:3)
  A hound skeleton (D:4)
  4 adders
  3 oozes
  An adder zombie (D:4)
  2 worms
  5 orcs
  7 bats
  7 hobgoblins
  13 jackals
  2 quokkas
  6 ball pythons
  3 giant cockroaches
  4 giant geckos
  A giant newt (D:2)
  4 goblins
  17 kobolds
  4 rats
98 creatures vanquished.

Notes
Turn   | Place    | Note
--------------------------------------------------------------
     0 | D:1      | M4edhros the Octopode Wanderer began the quest for the Orb.
     0 | D:1      | M4edhros set off with: a +2 dagger, a potion of berserk rage, a +0 quarterstaff, a potion of lignification, a bread ration
     0 | D:1      | Reached XP level 1. HP: 14/14 MP: 1/1
   215 | D:1      | Reached XP level 2. HP: 9/19 MP: 2/2
   557 | D:1      | Reached skill level 5 in Stealth
   668 | D:2      | Reached XP level 3. HP: 24/24 MP: 3/3
   851 | D:3      | Found a faded altar to an unknown god.
  1035 | D:3      | Reached skill level 6 in Stealth
  1045 | D:3      | Noticed 4thArraOfDagon's ghost (weakling MiBe)
  1046 | D:3      | Became a worshipper of the Shining One
  1046 | D:3      | Reached * piety under the Shining One
  1075 | D:3      | Reached skill level 7 in Stealth
  1075 | D:3      | Reached XP level 4. HP: 20/29 MP: 4/4
  1095 | D:3      | Found a glowing drain.
  1131 | Sewer    | Entered a sewer
  1464 | Sewer    | Noticed a big kobold
  1483 | Sewer    | Killed a big kobold
  1483 | Sewer    | Reached skill level 8 in Stealth
  1483 | Sewer    | Reached XP level 5. HP: 11/34 MP: 5/5
  1775 | Sewer    | Noticed a big kobold
  1789 | Sewer    | Killed a big kobold
  1789 | Sewer    | Reached XP level 6. HP: 14/39 MP: 6/6
  1845 | Sewer    | Noticed a big kobold
  1854 | Sewer    | Killed a big kobold
  1921 | D:3      | Found a snail-covered altar of Cheibriados.
  2713 | D:3      | Killed 4thArraOfDagon's ghost
  2776 | D:3      | Found a shimmering altar of Xom.
  3208 | D:4      | Noticed M4edhros's ghost (amateur OpWn)
  3219 | D:4      | Killed M4edhros's ghost
  3219 | D:4      | Reached skill level 5 in Dodging
  3219 | D:4      | Reached XP level 7. HP: 15/45 MP: 7/7
  3399 | D:4      | Reached ** piety under the Shining One
  3627 | D:4      | Noticed Menkaure
  3631 | D:4      | Killed Menkaure
  3710 | D:4      | Reached XP level 8. HP: 40/50 MP: 8/8
  3890 | D:5      | Entered Level 5 of the Dungeon
  3928 | D:5      | Noticed Prince Ribbit
  3936 | D:5      | Slain by Prince Ribbit

Action                   |  1- 3 |  4- 6 |  7- 9 || total
-------------------------+-------+-------+-------++-------
Melee: Dagger            |    51 |    52 |       ||   103
       Spear             |       |    92 |    58 ||   150
  Use: Potion            |     2 |     5 |     5 ||    12
 Stab: Sleeping          |     7 |     5 |     4 ||    16
       Distracted        |       |     1 |       ||     1
  Eat: Chunk             |       |     3 |     3 ||     6
       Bread ration      |       |     1 |       ||     1
